 Dungeon Crawl Stone Soup version 0.26.0-7-g794d0892b4 (webtiles) character file.

Game seed: 3620673211812624770

158 Almogavar the Slasher (level 5, -1/47 HPs)
             Began as a Minotaur Berserker on Jan 11, 2021.
             Was a Believer of Trog.
             Slain by Sigmund
             ... wielding a +0 scythe
              (10 damage)
             ... on level 4 of the Dungeon.
             The game lasted 00:15:52 (3745 turns).

Almogavar the Slasher (Minotaur Berserker)          Turns: 3745, Time: 00:15:52

Health: -1/47      AC:  5    Str: 23    XL:     5   Next: 16%
Magic:  4/4        EV: 11    Int:  4    God:    Trog [**....]
Gold:   251        SH:  3    Dex:  9    Spells: 4/4 levels left

rFire    + . .     SeeInvis .   a - +0 falchion
rCold    . . .     Faith    .   g - +0 buckler
rNeg     . . .     Spirit   .   e - +0 ring mail
rPois    .         Reflect  .   (helmet restricted)
rElec    .         Harm     .   (no cloak)
rCorr    .         Rampage  .   (no gloves)
Will     .....                  (no boots)
Stlth    +.........             (no amulet)
HPRegen  0.15/turn              v - ring of protection from fire
MPRegen  0.09/turn              (no ring)

@: berserk cooldown, slowed, very slow
A: retaliatory headbutt, horns 2
a: Renounce Religion, Berserk, Trog's Hand


You were on level 4 of the Dungeon.
You worshipped Trog.
Trog was pleased with you.
You visited 1 branch of the dungeon, and saw 4 of its levels.

You collected 251 gold pieces.

Inventory:

Hand Weapons
 a - a +0 falchion (weapon)
 n - a +0 hunting sling
Missiles
 f - 24 sling bullets
 m - 124 stones
Armour
 e - a +0 ring mail (worn)
 g - a +0 buckler (worn)
Jewellery
 v - a ring of protection from fire (left hand)
Wands
 h - a wand of iceblast (4)
Scrolls
 c - 5 scrolls of teleportation
 d - 3 scrolls of magic mapping
 i - 4 scrolls of fog
 k - a scroll of blinking
 t - a scroll of amnesia {unknown}
 u - a scroll of enchant armour {unknown}
Potions
 b - 2 potions of lignification {unknown}
 l - a potion of attraction {unknown}
 o - a potion of brilliance {unknown}
 p - a potion of cancellation {unknown}
 q - 2 potions of ambrosia {unknown}
 s - 2 potions of heal wounds {unknown}


   Skills:
 + Level 4.6 Fighting
 + Level 5.3 Long Blades
 + Level 3.4 Armour
 + Level 3.0 Dodging
 - Level 0.5 Stealth
 + Level 0.1 Shields


You had 4 spell levels left.
You didn't know any spells.
Your spell library was empty.

Dungeon Overview and Level Annotations

Branches:
Dungeon (4/15)
 Temple: D:4-7

Altars:
Gozag
Hepliaklqana

Annotations:
D:4 Sigmund


Innate Abilities, Weirdness & Mutations

You reflexively headbutt those who attack you in melee.
You have a pair of horns on your head.


Message History

You are confused.
You're too confused to move!
You bump into the rock wall.
You feel a strong urge to attack something.
You are no longer berserk.
You are exhausted.
You feel yourself slow down.
You hear some strange, mumbled words.
A magic dart appears from out of thin air!
The magic dart hits you.
You're too confused to move!
Something hits you but does no damage. Something hits you!
You miss something.
You feel less confused. Something hits you!
* * * LOW HITPOINT WARNING * * *
You closely miss something. Your headbutt misses something. Something hits you.
* * * LOW HITPOINT WARNING * * *
You hit something. Something hits you!
You die...

.........................+...
.........................#...
.........................#...
.........................#...
.........................#...
....>....................#...
.......@.................#'##
...######+##{##########......
.. #........@.........#......
. #..................#......
+.................<#......
#########'####.....#......
###.##########......
+....†...... #......
#........... #......
#........... +).....
###.##########......


There were no monsters in sight!

Vanquished Creatures
  An orc wizard (D:2)
  A worker ant (D:4)
  An adder (D:2)
  An ooze (D:1)
  3 worms
  2 leopard geckos
  9 orcs
  5 giant cockroaches
  10 goblins
  8 hobgoblins
  4 jackals
  A ball python (D:2)
  2 bats (D:3)
  3 frilled lizards (D:1)
  8 kobolds
  10 rats
69 creatures vanquished.

Notes
Turn   | Place    | Note
-------+----------+-------------------------------------------
     0 | D:1      | Almogavar the Minotaur Berserker began the quest for the
                  | Orb.
     0 | D:1      | Reached XP level 1. HP: 19/19 MP: 0/0
   300 | D:1      | Reached XP level 2. HP: 25/27 MP: 1/1
   484 | D:1      | Reached skill level 4 in Long Blades
  1204 | D:1      | Reached XP level 3. HP: 31/33 MP: 2/2
  1480 | D:2      | Reached ** piety under Trog
  1681 | D:2      | Reached XP level 4. HP: 14/41 MP: 3/3
  2001 | D:2      | You fall into a shaft and drop 1 floor!
  2186 | D:3      | Reached skill level 5 in Long Blades
  2274 | D:3      | Found a faded altar of an unknown god.
  2648 | D:3      | Found a hazy altar of Hepliaklqana.
  3402 | D:4      | Reached XP level 5. HP: 28/47 MP: 4/4
  3612 | D:4      | Found an opulent altar of Gozag.
  3716 | D:4      | Noticed Sigmund
  3745 | D:4      | Slain by Sigmund

Illustrated notes

Levels and vault maps discovered:
D:1:      dpeg_arrival_morbid_curiosity, layout_basic, minmay_pentomino_s2
D:2:      layout_basic
D:3:      layout_basic, lemuel_round_altar, chequers_ecumenical_altar_island
D:4:      layout_gridville, nicolae_gozag_seed_capital, dk_vineyard_1,
          uniq_edmund, uniq_sigmund

Skill      XL: |  1  2  3  4 |
---------------+-------------+-----
Fighting       | 4 |  4.6
Long Blades    | 4 5 |  5.3
Armour         | 3 |  3.4
Dodging        | 3 |  3.0
Stealth        | |  0.5
Shields        | |  0.1

Action                   |  1- 3 |  4- 6 || total
-------------------------+-------+-------++-------
Melee: Falchion          |    78 |    62 ||   140
       Headbutt          |    13 |    13 ||    26
Invok: Berserk           |     1 |     3 ||     4
       Trog's Hand       |       |     2 ||     2
  Use: Scroll            |     4 |     2 ||     6
 Stab: Sleeping          |     1 |       ||     1
Armor: Animal skin       |     2 |       ||     2
       Ring mail         |    23 |    11 ||    34
Dodge: Dodged            |    54 |    29 ||    83
Block: Buckler           |     5 |     5 ||    10
       Rpst.: Falchion   |    10 |     5 ||    15
